 Dungeon Crawl Stone Soup version 0.30-a0-347-gf58ed5266c (webtiles) character file.

Game seed: 9251759551221796668

20650 McGhostyFace the Thaumaturge (level 12, 0/98 HPs)
             Began as a Gnoll Wanderer on Nov 4, 2022.
             Was a Believer of Ashenzari.
             Killed from afar by an efreet (26 damage)
             ... with a fireball
             ... in a Gauntlet on Nov 7, 2022.
             The game lasted 00:51:56 (16708 turns).

McGhostyFace the Thaumaturge (Gnoll Wanderer)      Turns: 16708, Time: 00:51:56

Health: 0/98       AC: 12    Str: 10    XL:     12   Next: 81%
Magic:  20/47      EV: 15    Int: 23    God:    Ashenzari [**....]
Gold:   688        SH:  5    Dex: 11    Spells: 9/37 levels left

rFire   . . .      SeeInvis +    u - +5 hand axe of Big Damage {venom, rN+ MP+9 Int+4}
rCold   . . .      Faith    .    z - +0 buckler of the Fated Sybil {Melee, Cun} (curse)
rNeg    + . .      Spirit   .    J - +0 steam dragon scales of the Ruined Seeker {Self, Evo} (curse)
rPois   .          Reflect  .    Q - +2 helmet
rElec   .          Harm     .    M - +0 cloak of the Gnostic Stars {Comp, Elem} (curse)
rCorr   .          Rampage  .    L - +0 pair of gloves "Lashed Together" {Bglg, Cun} (curse)
Will    .....      NoTele   +    (no boots)
Stlth   ++++......               O - amulet of regeneration
HPRegen 1.16/turn                v - ring of wizardry
MPRegen 0.30/turn                p - ring of magical power

@: no status effects
A: fangs 1, strong nose, distributed training
a: Renounce Religion, Curse Item, Shatter the Chains


You were in a Gauntlet.
You worshipped Ashenzari.
Ashenzari was pleased with you.
You visited 2 branches of the dungeon, and saw 14 of its levels.
You also visited: Bailey and Gauntlet.

You collected 1752 gold pieces.
You spent 1064 gold pieces at shops.

Inventory:

Hand Weapons
 a - a +0 dagger
 u - the +5 hand axe of Big Damage (weapon) {venom, rN+ MP+9 Int+4}
   (You found it on level 3 of the Dungeon)

   It poisons the flesh of those it strikes.
   Int:       It affects your intelligence (+4).
   rN:        It protects you from negative energy.
   MP:        It affects your magic capacity (+9).
Missiles
 r - 16 poisoned darts (quivered)
Armour
 w - the +0 pair of gloves of the Maze {Contam Slay+6}
   (You found it in a Gauntlet)

   Slay:      It affects your accuracy & damage with ranged weapons and melee
   (+6).
   Contam:    It causes magical contamination when unequipped.
 z - the cursed +0 buckler of the Fated Sybil (worn) {Melee, Cun}
   (You found it on level 2 of the Dungeon)

   It has a curse which improves the following skills: Melee Combat: Short
   Blades, Long Blades, Axes, Maces & Flails, Polearms, Staves and Unarmed
   Combat.
   Cunning:   Dodging and Stealth.
 J - the cursed +0 steam dragon scales of the Ruined Seeker (worn) {Self, Evo}
   (You found it on level 6 of the Dungeon)

   It has a curse which improves the following skills: Introspection: Fighting
   and Spellcasting.
   Evocations: Evocations.
 L - the cursed +0 pair of gloves "Lashed Together" (worn) {Bglg, Cun}
   (You found it on level 7 of the Dungeon)

   It has a curse which improves the following skills: Beguiling: Conjurations,
   Hexes and Translocations.
   Cunning:   Dodging and Stealth.
 M - the cursed +0 cloak of the Gnostic Stars (worn) {Comp, Elem}
   (You found it on level 7 of the Dungeon)

   It has a curse which improves the following skills: Companions: Summonings
   and Necromancy.
   Elements:  Fire Magic, Ice Magic, Air Magic and Earth Magic.
 Q - a +2 helmet (worn)
 R - a +1 pair of gloves of strength
Jewellery
 k - a ring of magical power
 o - a ring of flight
 p - a ring of magical power (right hand)
 v - a ring of wizardry (left hand)
 E - a ring of poison resistance
 I - a ring of fire
 K - a ring of magical power
 O - an amulet of regeneration (around neck)
Wands
 x - a wand of digging (4)
 B - a wand of flame (39)
 C - a wand of polymorph (5)
 D - a wand of iceblast (9)
 F - a wand of paralysis (3)
 G - a wand of mindburst (22)
Scrolls
 e - a scroll of magic mapping
 f - 11 scrolls of identify
 h - 2 scrolls of amnesia
 i - 2 scrolls of immolation
 n - 3 scrolls of blinking
 q - 4 scrolls of fear
 t - 5 scrolls of vulnerability
 y - 3 scrolls of teleportation
 A - a scroll of enchant weapon
 H - 5 scrolls of fog
 P - a scroll of enchant armour
Potions
 b - 4 potions of brilliance
 c - a potion of flight
 d - 2 potions of attraction
 g - 2 potions of heal wounds
 j - 6 potions of curing
 l - 4 potions of magic
 m - a potion of haste
 s - 2 potions of might
 N - 2 potions of lignification


   Skills:
 + Level 9.2(10.5) Fighting
 + Level 7.9(9.2) Short Blades
 + Level 7.9(9.2) Long Blades
 + Level 7.9(9.2) Axes
 + Level 7.9(9.2) Maces & Flails
 + Level 7.9(9.2) Polearms
 + Level 7.9(9.2) Staves
 + Level 7.9 Ranged Weapons
 + Level 7.9 Throwing
 + Level 7.9 Armour
 + Level 8.4(10.3) Dodging
 + Level 7.9(9.9) Stealth
 + Level 7.9 Shields
 + Level 7.9(9.2) Unarmed Combat
 + Level 12.1(13.3) Spellcasting
 + Level 6.6(7.9) Conjurations
 + Level 6.6(7.9) Hexes
 + Level 8.7(9.9) Summonings
 + Level 6.6(7.9) Necromancy
 + Level 6.6(7.9) Translocations
 + Level 6.6 Transmutations
 + Level 6.6(7.9) Fire Magic
 + Level 6.6(7.9) Ice Magic
 + Level 6.6(7.9) Air Magic
 + Level 6.6(7.9) Earth Magic
 + Level 6.6 Poison Magic
 + Level 8.7 Invocations
 + Level 7.9(9.2) Evocations


You had 9 spell levels left.
You knew the following spells:

 Your Spells              Type           Power      Damage    Failure   Level
a - Summon Small Mammal   Summ           100%       N/A       1%          1
b - Call Canine Familiar  Summ           57%        N/A       1%          3
c - Summon Guardian Gole  Hex/Summ       54%        N/A       1%          3
d - Summon Lightning Spi  Summ/Air       54%        N/A       1%          4
e - Freezing Cloud        Conj/Ice/Air   25%        6-21      2%          5
f - Simulacrum            Ice/Necr       25%        N/A       12%         6
g - Dispel Undead         Necr           51%        3d19      1%          4
h - Blink                 Tloc           100%       N/A       1%          2

Your spell library contained the following spells:

 Spells                   Type           Power      Damage    Failure   Level
 Apportation              Tloc           100%       N/A       1%          1
 Kiss of Death            Conj/Necr      100%       2d13      1%          1
 Necrotise                Necr           100%       1d9       1%          1
 Slow                     Hex            100%       N/A       1%          1
 Cigotuvi's Dreadful Rot  Necr/Pois/Air  98%        N/A       1%          2
 Momentum Strike          Conj/Tloc      100%       3d10      1%          2
 Sublimation of Blood     Necr           51%        N/A       1%          2
 Confusing Touch          Hex            51%        N/A       1%          3
 Gell's Gravitas          Tloc           51%        N/A       1%          3
 Kindle Blastsparks       Fire/Tloc/Air  100%       2d18      1%          3
 Lesser Beckoning         Tloc           100%       N/A       1%          3
 Stone Arrow              Conj/Erth      100%       3d13      1%          3
 Teleport Other           Tloc           51%        N/A       1%          3
 Vampiric Draining        Necr           51%        2d9       1%          3
 Animate Armour           Summ/Erth      100%       N/A       1%          4
 Petrify                  Tmut/Erth      48%        N/A       1%          4
 Irradiate                Conj/Tmut      24%        3d19      2%          5
 Death Channel            Necr           25%        N/A       12%         6
 Spellforged Servitor     Conj/Summ      27%        N/A       38%         7
 Orb of Destruction       Conj           25%        9d9       52%         7
 Lehudib's Crystal Spear  Conj/Erth      25%        10d7      99%         8
 Polar Vortex             Ice            25%        N/A       100%        9


Dungeon Overview and Level Annotations

Branches:
Dungeon (13/15)            Temple (1/1) D:7            Lair (0/5) D:10
    Orc (0/2) D:9          Bailey (visited)         Gauntlet (1/1)
 Vaults: D:13-14

Altars:
Ashenzari
Cheibriados
Dithmenos
Elyvilon
Fedhas
Gozag
Hepliaklqana
Kikubaaqudgha
Makhleb
Nemelex Xobeh
Okawaru
Ru
Sif Muna
Trog
Uskayaw
Vehumet
Wu Jian
Xom
Yredelemnul
Zin
The Shining One

Shops:
D:1 (:?!   D:2 =

Annotations:
D:12 1 transporter, holysushi's ghost, journeyman MeEE Gauntlet 7 transporters


Innate Abilities, Weirdness & Mutations

You have very sharp teeth.
Your uncanny sense of smell can sniff out nearby items.
Your experience applies equally to all skills.


Message History

Your warg's corpse disappears in a puff of smoke!
Casting: Call Canine Familiar (safe; 1% risk of failure)
Confirm with . or Enter, or press ? or * to list all spells.
You blink.
Casting: Blink (safe; 1% risk of failure)
Confirm with . or Enter, or press ? or * to list all spells.
Aiming: Freezing Cloud (dangerous; 2% risk of failure)
Press: ? - help, Dir - move target That beam is likely to hit you.
Continue anyway?
You are engulfed in freezing vapours.
* * * LOW HITPOINT WARNING * * *
The hell hound is engulfed in freezing vapours.
You kill the hell hound!
The hell hound is engulfed in freezing vapours.
The hell hound is engulfed in freezing vapours.
You kill the hell hound!
Casting: Freezing Cloud (dangerous; 2% risk of failure)
Confirm with . or Enter, or press ? or * to list all spells.
Casting: Call Canine Familiar (safe; 1% risk of failure)
Confirm with . or Enter, or press ? or * to list all spells.
Okay, then.
Casting: Call Canine Familiar (safe; 1% risk of failure)
Confirm with . or Enter, or press ? or * to list all spells.
Your wolf scratches its ear.
The efreet gestures at you.
The fireball explodes!
The fireball engulfs your wolf!!
Your wolf dies!
Your wolf's corpse disappears in a puff of smoke!
The fireball engulfs the efreet.
The efreet completely resists.
The fireball engulfs you!!
* * * LOW HITPOINT WARNING * * *
The fireball engulfs your quokka!!
Your quokka dies!
Your quokka's corpse disappears in a puff of smoke!
You hear a sizzling sound!
Casting: Summon Small Mammal (safe; 1% risk of failure)
Confirm with . or Enter, or press ? or * to list all spells.
The efreet gestures at you.
The fireball explodes!
The fireball engulfs you!!
You die...

#8# #8# #8# #8# #8# #8# #8#
############################
#≈..........................
###...........................
#8#..###########...###########
###..#☼..#.#°..#.8.##.......##
#..#☼○#..°#☼.#...#.#.....#.#
#####..#○##...##R#####..#...#..#
#≈8≈#..#${##.#.@##...#...#.#...#
#...#..#©.#.©.h..#©.©#©...#©...#
#.8.#..#[E##†#..##...#...#.#...#
#...#..#○##...##.#####..#...#..#
,#.8.#..#..#...#..#...#.#.....#.#
#...#..#...#.#...#...##.......##
,#...#..###########...###########
.#.©.#≈.............≈...........§
.....#∩............§8≈...........


You could see an efreet (ally target), a fire elemental (wandering) and a
friendly warg (summoned).

Vanquished Creatures
  2 two-headed ogres
  An unseen horror (D:11)
  An unseen horror zombie (D:9)
  2 trolls (D:11)
  3 slime creatures (D:12)
  3 shadows
  10 flying skulls (Gauntlet)
  A vampire (D:12)
  Eustachio (D:4)
  A fire elemental (Gauntlet)
  6 yaks
  A steam dragon (D:8)
  2 vampire mosquitoes (D:10)
  Menkaure (D:7)
  Edmund (D:6)
  3 hell hounds (Gauntlet)
  A water moccasin (D:8)
  8 orc warriors
  3 sky beasts
  2 centaurs
  A kobold brigand (D:6)
  A bullfrog (D:6)
  A scorpion (D:7)
  A wight (D:9)
  A killer bee (D:10)
  4 howler monkeys
  A centaur zombie (D:9)
  3 orc priests
  5 hounds
  2 iguanas
  6 orc wizards
  A howler monkey zombie (D:9)
  3 adders
  A gnoll (D:5)
  2 shadow imps
  A worm (D:2)
  2 dart slugs
  27 orcs
  An endoplasm (D:2)
  2 giant cockroaches
  5 hobgoblins
  3 jackals
  A quokka (D:1)
  6 ball pythons
  4 bats
  4 frilled lizards
  6 goblins
  7 kobolds
  2 rats
157 creatures vanquished.

Vanquished Creatures (collateral kills)
  An ugly thing (D:12)
  Joseph (D:7)
  A gargoyle (D:11)
  An unseen horror zombie (D:9)
  A kobold demonologist (D:10)
  2 trolls
  5 slime creatures (D:12)
  Grinder (D:3)
  A shadow (Gauntlet)
  2 wraiths
  4 yaks (D:9)
  A vampire (D:11)
  3 wyverns
  A vampire mosquito (D:11)
  A fire elemental (Gauntlet)
  3 steam dragons
  An acid dragon (D:6)
  6 orc warriors
  A black bear (D:6)
  3 ogres
  A centaur (D:10)
  A scorpion (D:6)
  4 wights (D:9)
  4 killer bees (D:10)
  Crazy Yiuf (D:7)
  An orc priest (D:5)
  Ijyb (D:3)
  Terence (D:3)
  5 orc wizards
  2 howler monkey zombies (D:9)
  Robin (D:2)
  2 gnolls (D:5)
  2 adders (D:2)
  3 worms (D:2)
  2 dart slugs (D:3)
  25 orcs
  A bat (D:2)
  3 endoplasms
  A giant cockroach (D:2)
  12 goblins
  3 hobgoblins
  3 jackals (D:2)
  5 kobolds
  A quokka (D:2)
  A ball python (D:3)
  A frilled lizard (D:2)
  2 rats
129 creatures vanquished.

Vanquished Creatures (others)
  A two-headed ogre (D:9)
  A boulder beetle (D:7)
  The ghost of kd29 the Changer, a novice DrTm of Nemelex Xobeh (D:8)
  An orc knight (Bailey)
  An ugly thing (D:11)
  A deep elf pyromancer (D:12)
  A troll (D:9)
  3 slime creatures (D:12)
  2 shadows (Gauntlet)
  A yak (D:11)
  A killer bee (D:10)
  An orc (D:9)
  8 plants (D:10)
  17 withered plants
40 creatures vanquished.

Grand Total: 326 creatures vanquished

Notes
Turn   | Place    | Note
-------+----------+-------------------------------------------
     0 | D:1      | Reached skill level 9 in Spellcasting
     0 | D:1      | McGhostyFace the Gnoll Wanderer began the quest for the
                  | Orb.
     0 | D:1      | McGhostyFace set off with the following items: a +0 dagger,
                  | a potion of brilliance, a +0 robe, a potion of attraction;
                  | and the following spells available to memorise: Summon
                  | Small Mammal, Call Canine Familiar, Apportation, Kindle
                  | Blastsparks, Summon Lightning Spire.
     0 | D:1      | Reached XP level 1. HP: 20/20 MP: 10/10
     0 | D:1      | Upgraded the game from 0.30-a0-341-g682706514a to
                  | 0.30-a0-347-gf58ed5266c
     3 | D:1      | Found Packic's Book Shop.
     7 | D:1      | Found Ygupis's Weapon Shop.
   360 | D:1      | Reached XP level 2. HP: 12/26 MP: 12/12
   418 | D:1      | Learned a level 1 spell: Summon Small Mammal
   428 | D:1      | Found Dehimmek's Distillery.
   525 | D:1      | Found Xyporch's Magic Scroll Boutique.
   613 | D:1      | Found a faded altar of an unknown god.
  1206 | D:2      | Reached XP level 3. HP: 18/31 MP: 10/13
  1489 | D:2      | Learned a level 3 spell: Call Canine Familiar
  1621 | D:2      | Reached skill level 1 in Invocations
  1931 | D:2      | Reached skill level 1 in Short Blades
  1931 | D:2      | Reached skill level 1 in Long Blades
  1931 | D:2      | Reached skill level 1 in Axes
  1931 | D:2      | Reached skill level 1 in Maces & Flails
  1931 | D:2      | Reached skill level 1 in Polearms
  1931 | D:2      | Reached skill level 1 in Staves
  1931 | D:2      | Reached skill level 1 in Ranged Weapons
  1931 | D:2      | Reached skill level 1 in Throwing
  1931 | D:2      | Reached skill level 1 in Armour
  1931 | D:2      | Reached skill level 1 in Stealth
  1931 | D:2      | Reached skill level 1 in Shields
  1931 | D:2      | Reached skill level 1 in Unarmed Combat
  1931 | D:2      | Reached skill level 1 in Evocations
  2327 | D:2      | Reached XP level 4. HP: 38/38 MP: 10/15
  2560 | D:2      | Found Sutsarei's Jewellery Shop.
  3024 | D:3      | Noticed Robin
  3025 | D:3      | Noticed an ogre
  3039 | D:2      | Reached skill level 1 in Conjurations
  3039 | D:2      | Reached skill level 1 in Hexes
  3039 | D:2      | Reached skill level 1 in Necromancy
  3039 | D:2      | Reached skill level 1 in Translocations
  3039 | D:2      | Reached skill level 1 in Transmutations
  3039 | D:2      | Reached skill level 1 in Fire Magic
  3039 | D:2      | Reached skill level 1 in Ice Magic
  3039 | D:2      | Reached skill level 1 in Air Magic
  3039 | D:2      | Reached skill level 1 in Earth Magic
  3039 | D:2      | Reached skill level 1 in Poison Magic
  3284 | D:2      | Killed Robin
  3296 | D:2      | Killed an ogre
  3297 | D:2      | Reached XP level 5. HP: 37/43 MP: 11/16
  3498 | D:3      | Noticed Terence
  3510 | D:3      | Killed Terence
  3608 | D:3      | Identified the +5 hand axe of Big Damage {venom, rN+ MP+9
                  | Int+4}
  3749 | D:3      | Reached XP level 6. HP: 50/50 MP: 18/18
  3762 | D:3      | Learned a level 3 spell: Summon Guardian Golem
  3767 | D:3      | Learned a level 4 spell: Summon Lightning Spire
  3853 | D:3      | Noticed Grinder
  3871 | D:3      | Noticed Ijyb
  3895 | D:3      | Killed Ijyb
  3896 | D:3      | Reached skill level 5 in Fighting
  3898 | D:3      | Killed Grinder
  3899 | D:3      | Reached XP level 7. HP: 52/56 MP: 20/20
  4575 | D:4      | Noticed Eustachio
  4604 | D:4      | Killed Eustachio
  5001 | D:5      | Entered Level 5 of the Dungeon
  5222 | D:5      | Reached XP level 8. HP: 61/63 MP: 21/21
  6068 | D:6      | Found a shimmering altar of Xom.
  6092 | D:6      | Identified the +2 robe of Jaorotad {rElec rPois rF+ Int-5}
  6222 | D:6      | Reached skill level 10 in Spellcasting
  6322 | D:6      | Found a basalt altar of Yredelemnul.
  6337 | D:6      | Found a sparkling altar of Nemelex Xobeh.
  6368 | D:6      | Found a white marble altar of Elyvilon.
  6379 | D:6      | Found a hazy altar of Hepliaklqana.
  6452 | D:6      | Noticed Edmund
  6461 | D:6      | Killed Edmund
  6638 | D:6      | Reached XP level 9. HP: 54/69 MP: 23/23
  7146 | D:6      | Reached skill level 5 in Dodging
  7510 | D:7      | Noticed a two-headed ogre
  7527 | D:7      | Killed a two-headed ogre
  7528 | D:7      | Reached skill level 5 in Invocations
  7761 | D:7      | Found a staircase to the Ecumenical Temple.
  7786 | Temple   | Entered the Ecumenical Temple
  7900 | Temple   | Became a worshipper of Ashenzari the Shackled
  8398 | D:7      | Noticed Joseph
  8433 | D:7      | Killed Joseph
  8434 | D:7      | Reached skill level 5 in Short Blades
  8434 | D:7      | Reached skill level 5 in Long Blades
  8434 | D:7      | Reached skill level 5 in Axes
  8434 | D:7      | Reached skill level 5 in Maces & Flails
  8434 | D:7      | Reached skill level 5 in Polearms
  8434 | D:7      | Reached skill level 5 in Staves
  8434 | D:7      | Reached skill level 5 in Ranged Weapons
  8434 | D:7      | Reached skill level 5 in Throwing
  8434 | D:7      | Reached skill level 5 in Armour
  8434 | D:7      | Reached skill level 5 in Stealth
  8434 | D:7      | Reached skill level 5 in Shields
  8434 | D:7      | Reached skill level 5 in Unarmed Combat
  8434 | D:7      | Reached skill level 5 in Evocations
  8825 | D:7      | Noticed Menkaure
  8825 | D:7      | Noticed a boulder beetle
  8834 | D:7      | Killed Menkaure
  8835 | D:7      | Reached XP level 10. HP: 43/77 MP: 24/24
  8840 | D:7      | Killed a boulder beetle
  9121 | D:7      | Found a runed translucent door.
  9122 | D:7      | Noticed Crazy Yiuf
  9128 | D:7      | Killed Crazy Yiuf
  9369 | D:8      | Found a runed translucent door.
  9371 | D:8      | Noticed kd29's ghost (novice DrTm)
  9414 | D:8      | Killed kd29's ghost
  9860 | D:8      | Found the +10 Black Knight's barding {ponderous, rPois rN+}
 10790 | D:9      | Reached skill level 11 in Spellcasting
 10809 | D:9      | Reached skill level 5 in Conjurations
 10809 | D:9      | Reached skill level 5 in Hexes
 10809 | D:9      | Reached skill level 5 in Necromancy
 10809 | D:9      | Reached skill level 5 in Translocations
 10809 | D:9      | Reached skill level 5 in Transmutations
 10809 | D:9      | Reached skill level 5 in Fire Magic
 10809 | D:9      | Reached skill level 5 in Ice Magic
 10809 | D:9      | Reached skill level 5 in Air Magic
 10809 | D:9      | Reached skill level 5 in Earth Magic
 10809 | D:9      | Reached skill level 5 in Poison Magic
 10809 | D:9      | Reached XP level 11. HP: 21/86 MP: 26/26
 11215 | D:9      | Noticed a two-headed ogre
 11228 | D:9      | Killed a two-headed ogre
 11450 | D:9      | Found a staircase to the Orcish Mines.
 11630 | D:9      | Reached * piety under Ashenzari
 11642 | D:10     | Entered Level 10 of the Dungeon
 11671 | D:10     | Found a flagged portal.
 11689 | Bailey   | Entered a bailey
 12238 | Bailey   | Identified a scroll of acquirement
 12238 | Bailey   | Noticed an orc knight
 12250 | Bailey   | Killed an orc knight
 12864 | D:10     | Acquired 1015 gold pieces
 13002 | D:10     | Found a staircase to the Lair.
 13010 | D:10     | Reached ** piety under Ashenzari
 13668 | D:2      | Bought an amulet of regeneration for 420 gold pieces
 13776 | D:1      | Bought a book of Ice for 644 gold pieces
 13782 | D:1      | Learned a level 5 spell: Freezing Cloud
 13789 | D:1      | Learned a level 6 spell: Simulacrum
 14684 | D:11     | Noticed a cyan ugly thing
 14703 | D:11     | Killed a cyan ugly thing
 14821 | D:11     | Reached XP level 12. HP: 29/97 MP: 28/28
 14938 | D:11     | Noticed a two-headed ogre
 14960 | D:11     | Killed a two-headed ogre
 15356 | D:12     | Found a transporter.
 15367 | D:12     | Found a transporter.
 15385 | D:12     | Identified the +6 scale mail of Ifito {rN+++ Int+4 Dex-4}
 15512 | D:12     | Noticed a two-headed ogre
 15620 | D:12     | Acquired a book of Armaments
 15634 | D:12     | Reached *** piety under Ashenzari
 15901 | D:12     | Noticed a two-headed ogre
 15915 | D:12     | Noticed holysushi's ghost (journeyman MeEE)
 16017 | D:13     | Found a gate leading to a gauntlet.
 16027 | D:13     | Reached skill level 12 in Spellcasting
 16031 | Gauntlet | Entered a Gauntlet
 16031 | Gauntlet | Noticed a tengu warrior
 16031 | Gauntlet | Found a transporter.
 16031 | Gauntlet | Found a transporter.
 16032 | Gauntlet | Found a transporter.
 16034 | Gauntlet | Found a transporter.
 16036 | Gauntlet | Found a transporter.
 16037 | Gauntlet | Found a transporter.
 16054 | Gauntlet | Identified the +0 pair of gloves of the Maze {Contam
                  | Slay+6}
 16058 | Gauntlet | Found a transporter.
 16065 | Gauntlet | Found a transporter.
 16074 | Gauntlet | Found a transporter.
 16075 | Gauntlet | Identified the +3 pair of gloves "Beogaxt" {rF+ rC+ Will+}
 16082 | Gauntlet | Found a transporter.
 16086 | Gauntlet | Found a transporter.
 16090 | Gauntlet | Found a transporter.
 16460 | Gauntlet | Learned a level 4 spell: Dispel Undead
 16467 | Gauntlet | Learned a level 2 spell: Blink
 16708 | Gauntlet | Killed from afar by an efreet

Illustrated notes

Levels and vault maps discovered:
D:1:      saegor_arrival_simple_c, layout_loops_ring,
          hellmonk_ecumenical_altar_blasted, serial_shops, nicolae_shop_trees,
          nicolae_shop_bloodbath_and_beyond, shop, shop
D:2:      minmay_chambers_of_twos, layout_basic, serial_shops, shop_statue,
          grunt_decor_cap, minmay_misc_feat_square, minmay_pentomino_t4
D:3:      layout_basic, glass_columns_a, minmay_liquid_box, uniq_grinder,
          uniq_robin, uniq_ijyb, uniq_terence
D:4:      layout_gridville, uniq_eustachio
D:5:      layout_rooms, serial_corexii_hall, corexii_hall_statues_s,
          corexii_hall_statues_deadend, corexii_hall_statues_i,
          chequers_hall_statues_wall_a, nrook_uturn
D:6:      kb_forest_paths, layout_basic, nicolae_overflow_quartered_altars,
          nicolae_overflow_hidden_temple, uniq_edmund
D:7:      layout_loops_ring, minmay_temple_entry_trees, eino_tiny_chamber,
          uniq_crazy_yiuf_cottage, uniq_menkaure, uniq_joseph
D:8:      layout_basic, hellmonk_ghost_happy_afterlife
D:9:      layout_rooms, hiddenorc1_lemuel, serial_undead, serial_undead_f,
          serial_undead_a, serial_undead_c, serial_undead_f,
          grunt_decor_mini_mirrors, item_on_display_a
D:10:     layout_roguey, dpeg_oklobed_lair, enter_bailey_2, wad_floor_pattern_2
D:11:     layout_loops_ring, chequers_avenue, minmay_fractal_squares_gapless_5
D:12:     layout_cave_pools, nzn_ghost_randoct
D:13:     layout_stronghold, grunt_vaults_entry_fortified,
          gauntlet_entry_generic, uniq_maurice
Temple:   eino_temple_rhombus
Gauntlet: gammafunk_gauntlet_hard_choice [gammafunk_gauntlet_arena_arrow_garden,
          gammafunk_gauntlet_arena_teeth, nicolae_gauntlet_arena_x,
          gammafunk_gauntlet_arena_spirals, gammafunk_gauntlet_arena_chambers,
          gammafunk_gauntlet_arena_split_diamond,
          dreamdust_gauntlet_exit_labyrinth]

Skill      XL: |  1  2  3  4  5  6  7  8  9 10 11 12 |
---------------+-------------------------------------+-----
Spellcasting   | 10 11 12 | 12.1
Invocations    | 1 2 3 4 5 6 7 8 |  8.7
Short Blades   | 1 2 3 5 6 7 |  7.9
Long Blades    | 1 2 3 5 6 7 |  7.9
Axes           | 1 2 3 5 6 7 |  7.9
Maces & Flails | 1 2 3 5 6 7 |  7.9
Polearms       | 1 2 3 5 6 7 |  7.9
Staves         | 1 2 3 5 6 7 |  7.9
Ranged Weapons | 1 2 3 5 6 7 |  7.9
Throwing       | 1 2 3 5 6 7 |  7.9
Armour         | 1 2 3 5 6 7 |  7.9
Stealth        | 1 2 3 5 6 7 |  7.9
Shields        | 1 2 3 5 6 7 |  7.9
Unarmed Combat | 1 2 3 5 6 7 |  7.9
Evocations     | 1 2 3 5 6 7 |  7.9
Conjurations   | 1 2 3 4 5 6 |  6.6
Hexes          | 1 2 3 4 5 6 |  6.6
Necromancy     | 1 2 3 4 5 6 |  6.6
Translocations | 1 2 3 4 5 6 |  6.6
Transmutations | 1 2 3 4 5 6 |  6.6
Fire Magic     | 1 2 3 4 5 6 |  6.6
Ice Magic      | 1 2 3 4 5 6 |  6.6
Air Magic      | 1 2 3 4 5 6 |  6.6
Earth Magic    | 1 2 3 4 5 6 |  6.6
Poison Magic   | 1 2 3 4 5 6 |  6.6
Dodging        | 3 4 5 6 7 8 |  8.4
Fighting       | 5 6 7 8 9 |  9.2
Summonings     | 6 7 8 |  8.7

Action                   |  1- 3 |  4- 6 |  7- 9 | 10-12 || total
-------------------------+-------+-------+-------+-------++-------
Melee: Dagger            |   133 |    67 |       |       ||   200
       Bite              |    14 |     9 |    20 |    58 ||   101
       Punch             |     2 |       |       |       ||     2
       Hand axe          |       |     5 |   170 |   333 ||   508
Throw: Dart              |       |       |     3 |    10 ||    13
 Cast: Summon Small Mamm |    23 |    17 |    23 |    45 ||   108
       Call Canine Famil |     2 |     8 |    17 |    39 ||    66
       Summon Guardian G |       |     1 |     3 |    19 ||    23
       Summon Lightning  |       |       |    13 |    21 ||    34
       Freezing Cloud    |       |       |       |     6 ||     6
       Dispel Undead     |       |       |       |    10 ||    10
       Blink             |       |       |       |     4 ||     4
Invok: Curse Item        |       |       |       |     5 ||     5
       Shatter the Chain |       |       |       |     1 ||     1
Evoke: Wand              |       |       |     1 |     1 ||     2
  Use: Scroll            |       |       |       |     4 ||     4
       Potion            |       |       |       |     2 ||     2
 Stab: Sleeping          |     1 |       |     4 |    11 ||    16
       Distracted        |     1 |       |     1 |     4 ||     6
       Paralysed         |       |       |     4 |       ||     4
Armor: Robe              |    32 |    30 |    14 |       ||    76
       Skin              |       |       |     8 |       ||     8
       Leather armour    |       |       |    16 |       ||    16
       Steam dragon scal |       |       |    14 |   106 ||   120
Dodge: Dodged            |   102 |    85 |    97 |   252 ||   536
Block: Buckler           |       |       |    35 |   131 ||   166

Table legend: (Time is in decaauts)
 A = Elapsed time spent in this place.
 B = Non-inter-level travel time spent in this place.
 C = Inter-level travel time spent in this place.
 D = Time resting spent in this place.
 E = Time spent auto-exploring this place.
 F = Levels seen in this place.
 G = Mean time per level.
                   A        B        C        D        E       F      G
               +--------+--------+--------+--------+--------+-----+--------+
         Total |  16722 |  15809 |    913 |   5099 |   7192 |  16 | 1045.1 |
       Dungeon |  15073 |  14175 |    898 |   4383 |   7007 |  13 | 1159.5 |
        Temple |    130 |    115 |     15 |      0 |     98 |   1 |  130.0 |
        Bailey |    843 |    843 |      0 |    385 |     87 |   1 |  843.0 |
      Gauntlet |    674 |    674 |      0 |    331 |      0 |   1 |  674.0 |
               +--------+--------+--------+--------+--------+-----+--------+

Top non-repeatable levels by time:
     D:2: 2345 daAuts
     D:7: 1695 daAuts
     D:6: 1547 daAuts
     D:8: 1369 daAuts
     D:1: 1258 daAuts
    D:11: 1241 daAuts
     D:9: 1109 daAuts
    D:10: 1054 daAuts
     D:5: 1044 daAuts
     D:4: 931 daAuts
  Bailey: 843 daAuts
     D:3: 758 daAuts
    D:12: 690 daAuts
Gauntlet: 674 daAuts
  Temple: 130 daAuts
